 Dungeon Crawl Stone Soup version 0.24-a0-445-gd5110b030a (webtiles) character file.

Game seed: 17978718056700707221

94 emperorscorpion the Chopper (level 4, -2/63 HPs)
             Began as a Deep Dwarf Berserker on June 22, 2019.
             Was a Believer of Trog.
             Slain by a death yak (8 damage)
             ... on level 9 of the Dungeon.
             The game lasted 00:05:38 (711 turns).

emperorscorpion the Chopper (Deep Dwarf Berserker)   Turns: 711, Time: 00:05:39

Health: -2/63      AC:  5    Str: 27    XL:     4   Next: 38%
Magic:  4/4        EV: 12    Int:  7    God:    Trog [**....]
Gold:   81         SH:  0    Dex: 12    Spells: 3/3 levels left

rFire    . . .     SeeInvis .   a - +0 hand axe
rCold    . . .     Gourm    .   (no shield)
rNeg     . . .     Faith    .   j - +0 ring mail
rPois    .         Spirit   .   (no helmet)
rElec    .         Reflect  .   (no cloak)
rCorr    .         Harm     .   (no gloves)
MR       .....                  (no boots)
Stlth    ..........             (no amulet)
HPRegen  0.00/turn              (no ring)
MPRegen  0.09/turn              (no ring)

@: berserking (expiring), starving, non-regenerating, very quick
A: damage resistance, heal wounds, sense surroundings 1, no regeneration
a: Heal Wounds, Berserk, Trog's Hand, Renounce Religion


You were on level 9 of the Dungeon.
You worshipped Trog.
Trog was pleased with you.
You were starving.

You visited 1 branch of the dungeon, and saw 7 of its levels.

You collected 81 gold pieces.

Inventory:

Hand Weapons
 a - a +0 hand axe (weapon)
 h - a +0 trident of flaming
Missiles
 e - 2 silver boomerangs
 g - 5 poisoned darts (quivered)
Armour
 b - a +0 animal skin
 d - a +0 leather armour
 j - a +0 ring mail (worn)
Jewellery
 k - an uncursed ring of fire
Scrolls
 f - a scroll of identify
Potions
 i - a potion of might
Comestibles
 c - 2 rations


   Skills:
 + Level 3.2 Fighting
 + Level 4.4 Axes
 + Level 2.4 Armour
 + Level 3.3 Dodging
 - Level 1.0 Stealth


You had 3 spell levels left.
You didn't know any spells.
Your spell library was empty.

Dungeon Overview and Level Annotations

Branches:
Dungeon (9/15)               Lair (0/6) D:9
 Temple: D:4-7          Orc: D:9-12

Altars:
Yredelemnul


Innate Abilities, Weirdness & Mutations

You are resistant to damage.
You can heal yourself by infusing magical energy.
You passively map a small area around you.
You do not regenerate.


Message History

The death yak gores you!!
You barely miss the death yak.
The death yak is heavily wounded.
You hit the death yak.
The death yak is heavily wounded.
The death yak gores you!!
You barely miss the death yak.
The death yak is heavily wounded.
The death yak gores you.
You hit the death yak but do no damage.
The death yak is heavily wounded.
You slash the death yak!
The death yak is severely wounded.
You are starving!
The death yak gores you!!
* * * LOW HITPOINT WARNING * * *
You barely miss the death yak.
The death yak is severely wounded.
The death yak gores you!
You die...

#####
#######...########
..<..............#
#######...######.#
##### #.# #.# #@#
#Y# #O# #.###
#...# ###.# #.#
#.# #.#


You could see a death yak and an ogre.

Vanquished Creatures
  A jelly (D:8)
  An adder (D:3)
  A shadow imp (D:9)
  An ooze (D:3)
  An adder zombie (D:8)
  A dart slug (D:1)
  3 leopard geckos
  4 orcs
  A ball python (D:3)
  2 giant cockroaches
  2 goblins
  A hobgoblin (D:1)
  5 jackals
  A kobold (D:1)
  A quokka (D:9)
  3 bats
  2 frilled lizards
  2 rats
33 creatures vanquished.

Notes
Turn   | Place    | Note
-------+----------+-------------------------------------------
     0 | D:1      | emperorscorpion the Deep Dwarf Berserker began the quest
                  | for the Orb.
     0 | D:1      | Reached XP level 1. HP: 20/20 MP: 1/1
   142 | D:1      | Reached XP level 2. HP: 27/27 MP: 2/2
   251 | D:3      | Found a basalt altar of Yredelemnul.
   259 | D:3      | Reached ** piety under Trog
   342 | D:3      | Reached XP level 3. HP: 25/34 MP: 3/3
   477 | D:4      | You are sucked into a shaft and drop 3 floors!
   513 | D:7      | Noticed an ice beast
   516 | D:7      | Reached skill level 4 in Axes
   551 | D:8      | Reached skill level 1 in Stealth
   551 | D:8      | Reached XP level 4. HP: 23/42 MP: 4/4
   665 | D:9      | Noticed a death yak
   666 | D:9      | Noticed an ogre
   675 | D:9      | Noticed a death yak
   711 | D:9      | Slain by a death yak

Levels and vault maps discovered:
D:1:      matt_arrival_los_fun, layout_basic, minmay_split_cup_large
D:2:      layout_loops_ring, chequers_temple_overflow_statue_of_worship,
          chequers_ecumenical_altar_twisty, trog_book
D:3:      layout_basic, old_standard_altar
D:4:      layout_basic, lemuel_doored_altar, first_ration,
          okawaru_ov_weapons_minmay, uniq_edmund
D:7:      layout_cave_pools
D:8:      layout_layer_cave, nemelex_dance_club_becter
D:9:      layout_loops_ring, overflow_temple_1_default, dpeg_lair_monsters,
          hangedman_pestilent_swarm, lightli_wizard_tower

Skill      XL: |  1  2  3 |
---------------+----------+-----
Fighting       | 3 |  3.2
Dodging        | 3 |  3.3
Axes           | 4 |  4.4
Stealth        | 1 |  1.0
Armour         | |  2.4

Action                   |  1- 3 |  4- 6 || total
-------------------------+-------+-------++-------
Melee: Hand axe          |    63 |    33 ||    96
Throw: Dart              |       |     8 ||     8
Invok: Berserk           |     3 |     1 ||     4
 Abil: Heal Wounds       |     1 |     3 ||     4
  Use: Scroll            |     5 |       ||     5
       Potion            |     3 |       ||     3
 Stab: Invisible         |     1 |       ||     1
  Eat: Chunk             |     1 |       ||     1
Armor: Animal skin       |    41 |       ||    41
       Leather armour    |     7 |     2 ||     9
       Ring mail         |       |     5 ||     5
Dodge: Dodged            |   111 |    20 ||   131

Table legend:
 A = Non-vault XP
 B = Vault XP
 C = Vault XP percentage of total XP
 D = Non-vault monster count
 E = Vault monster count
 F = Vault count percentage of total count
                 A         B        C        D         E       F
            +---------+---------+-------+---------+---------+-------
      Total |     135 |       0 |   0.0 |      33 |       0 |   0.0
            +---------+---------+-------+---------+---------+-------
        D:1 |      25 |       0 |   0.0 |      13 |       0 |   0.0
        D:3 |      37 |       0 |   0.0 |      11 |       0 |   0.0
        D:7 |       6 |       0 |   0.0 |       2 |       0 |   0.0
        D:8 |      54 |       0 |   0.0 |       5 |       0 |   0.0
        D:9 |      13 |       0 |   0.0 |       2 |       0 |   0.0
            +---------+---------+-------+---------+---------+-------
